Map: Goldenaura LE

Players

jdge - Winner!

  • Race: Terran Terran
  • League: Diamond
  • Spawn Location: 12:00

SubN

  • Race: Zerg Zerg
  • League: Diamond
  • Spawn Location: 5:00

VOD

Have the link to the VOD?

Description

Time

  • Played on: Dec. 17, 2023, 2:40 p.m.
  • Length: 16:19
Show
View Real Time Build Order
Export as new Build Order

jdge Terran - Winner!

Build Orders: 2 Factory, Mech 

Get SALT Encoding   

  12  0:00  SCV  
  13  0:12  SCV  
  14  0:27  SCV  
  15  0:29  Supply Depot  
  15  0:50  SCV  
  15  0:54  Barracks  
  16  1:02  SCV  
  17  1:16  Command Center  
  17  1:21  SCV  
  18  1:29  Refinery  
  18  1:38  SCV  
  19  1:50  SCV  
  19  1:52  Bunker, Marine  
  21  2:02  SCV  
  22  2:08  Refinery  
  22  2:12  Marine  
  23  2:26  Supply Depot  
  23  2:28  SCV  
  24  2:30  Marine  
  24  2:31  Orbital Command  
  25  2:40  SCV  
  26  2:54  Marine  
  26  2:57  Orbital Command  
  27  3:12  Marine  
  24  3:24  Factory  
  24  3:27  Factory  
  24  3:29  Marine  
  25  3:36  Bunker  
  25  3:47  Marine  
  26  4:00  Orbital Command  
  26  4:01  SCV  
  27  4:05  Marine  
  27  4:09  Factory Tech Lab  
  28  4:15  Command Center  
  28  4:16  Factory Tech Lab  
  28  4:23  Marine  
  29  4:34  Siege Tank  
  32  4:41  Marine  
  33  4:58  Marine  
  34  5:10  Siege Tank  
  34  5:11  Siege Tank  
  40  5:16  Marine  
  41  5:23  Supply Depot  
  41  5:32  Orbital Command  
  41  5:34  Marine  
  42  5:39  Armory  
  42  5:45  Factory  
  42  5:52  Marine  
  42  5:53  Orbital Command  
  43  6:00  Bunker  
  43  6:09  Siege Tank  
  43  6:10  Siege Tank  
  49  6:14  Marine  
  50  6:25  SCV x3  
  53  6:37  SCV x3  
  53  6:38  Refinery  
  56  6:44  Refinery  
  56  6:49  SCV  
  57  6:54  Marine  
  57  6:55  Siege Tank x2  
  57  6:56  SCV  
  57  6:57  SCV  
  67  7:01  SCV  
  67  7:08  SCV  
  67  7:09  SCV  
  67  7:12  Factory Tech Lab  
  69  7:18  Supply Depot, Terran Vehicle Weapons Level 1  
  69  7:20  Supply Depot  
  69  7:24  SCV, Barracks Reactor  
  70  7:31  SCV x2  
  72  7:43  Thor  
  78  7:46  Thor  
  78  7:48  Hellbat  
  86  7:57  Starport  
  86  7:59  Supply Depot x2  
  86  8:01  SCV  
  86  8:02  SCV x2  
  89  8:08  Marine x2  
  89  8:09  Hellbat  
  93  8:21  Supply Depot  
  93  8:26  Marine x2  
  93  8:27  Hellbat  
  101  8:34  Hellbat x2  
  101  8:35  Starport Tech Lab  
  101  8:36  Orbital Command  
  101  8:39  Supply Depot  
  101  8:47  SCV x2  
  103  8:54  Siege Tank  
  106  8:59  SCV  
  107  9:04  SCV  
  107  9:05  SCV  
  107  9:08  Refinery  
  109  9:11  SCV  
  109  9:12  Raven  
  109  9:14  Refinery, Siege Tank  
  109  9:15  Siege Tank  
  109  9:16  SCV  
  109  9:17  SCV  
  120  9:23  SCV  
  121  9:29  SCV  
  122  9:35  Marine  
  122  9:36  Marine  
  123  9:53  Marine x2  
  123  9:54  Thor  
  82  10:11  Marine x2  
  82  10:12  SCV  
  82  10:13  SCV x2  
  86  10:20  Hellbat x2  
  90  10:24  SCV  
  90  10:25  SCV x2  
  93  10:29  Marine x2  
  95  10:36  SCV  
  95  10:37  SCV x2  
  98  10:47  Marine x2  
  98  10:49  SCV x3  
  103  10:54  Thor, Siege Tank  
  112  11:01  SCV x3  
  115  11:04  Marine  
  115  11:05  Marine  
  109  11:22  Marine x2  
  92  11:32  Siege Tank x2  
  84  11:37  SCV x3, Siege Tank  
  90  11:40  Marine x2  
  92  11:49  SCV x3  
  88  11:58  Marine x2  
  90  12:01  SCV  
  90  12:04  Hellbat x2  
  95  12:13  Medivac  
  97  12:16  Thor, Marine x2  
  97  12:20  SCV x3  
  108  12:25  Siege Tank  
  108  12:26  Siege Tank  
  108  12:27  Command Center  
  114  12:34  Marine x2  
  116  12:37  Factory  
  116  12:40  Barracks, Factory  
  116  12:43  Medivac  
  118  12:46  Barracks  
  118  12:51  Marine  
  118  12:52  Marine  
  118  12:58  Siege Tank  
  123  13:01  Siege Tank x2  
  109  13:09  Marine  
  109  13:11  Marine  
  111  13:13  Medivac  
  113  13:23  Engineering Bay  
  113  13:25  Factory Tech Lab x2  
  113  13:27  Marine  
  113  13:28  Marine  
  113  13:29  Thor  
  113  13:30  Supply Depot  
  113  13:31  Supply Depot  
  113  13:34  Supply Depot  
  121  13:35  Supply Depot  
  121  13:38  Thor x2  
  133  13:44  Orbital Command  
  133  13:45  Marine  
  133  13:46  Marine, Barracks Reactor  
  133  13:47  Barracks Reactor  
  135  13:51  Hellbat x2  
  139  13:56  Terran Vehicle Weapons Level 2  
  139  13:59  Supply Depot  
  139  14:00  Medivac  
  141  14:03  Marine  
  141  14:04  Supply Depot, Marine  
  143  14:19  Orbital Command  
  143  14:20  Marine  
  143  14:22  Marine  
  145  14:29  Refinery  
  145  14:30  SCV x3  
  148  14:32  Thor x2, Refinery  
  148  14:34  Hellbat x3  
  166  14:39  Marine x5  
  166  14:40  Marine  
  172  14:50  Missile Turret  
  172  14:55  Hellbat  
  172  14:57  Missile Turret, Marine x5  
  172  14:58  Marine  
  180  15:00  Missile Turret x2  
  176  15:11  Missile Turret  
  173  15:14  Marine x2  
  173  15:15  Marine x3  
  173  15:17  Siege Tank  
  181  15:25  Siege Tank  
  180  15:30  Missile Turret  
  180  15:40  Siege Tank  
Show
View Real Time Build Order
Export as new Build Order

SubN Zerg 

Build Orders: Pool First 

Get SALT Encoding   

  12  0:00  Drone  
  13  0:08  Drone  
  14  0:15  Extractor  
  13  0:31  Spawning Pool  
  12  0:57  Hatchery  
  11  1:18  Queen  
  13  1:27  Metabolic Boost  
  13  1:36  Overlord  
  13  1:40  Zergling x2  
  14  1:54  Zergling x2  
  14  1:58  Zergling x2  
  14  1:59  Zergling x2  
  17  2:09  Queen  
  17  2:14  Zergling x2  
  20  2:18  Zergling x2  
  21  2:27  Overlord  
  21  2:36  Zergling x2  
  22  2:42  Zergling x2  
  22  2:43  Zergling x2  
  19  3:17  Zergling x8  
  19  3:18  Zergling x6  
  26  3:25  Zergling x4  
  28  3:32  Drone  
  29  3:35  Drone  
  29  3:39  Drone  
  31  3:50  Drone x2  
  33  4:00  Drone x3  
  36  4:08  Overlord  
  36  4:13  Overlord  
  36  4:27  Overlord  
  36  4:29  Drone x3  
  38  4:36  Queen  
  40  4:44  Queen  
  42  4:48  Drone  
  42  4:51  Drone  
  44  5:03  Overlord  
  44  5:05  Drone x4  
  48  5:07  Drone  
  48  5:10  Drone  
  48  5:13  Drone  
  51  5:22  Drone x4  
  55  5:31  Extractor  
  54  5:40  Hatchery  
  54  5:41  Drone x3  
  56  5:46  Lair  
  56  6:03  Extractor  
  49  6:16  Drone x3  
  52  6:18  Drone x2  
  52  6:19  Drone x2  
  52  6:24  Extractor  
  55  6:31  Drone x4  
  59  6:39  Evolution Chamber x2  
  57  6:43  Drone x2  
  57  6:44  Overlord  
  57  6:46  Overlord  
  59  6:59  Queen  
  61  7:07  Zerg Melee Weapons Level 1, Zerg Ground Armor Level 1  
  61  7:14  Pneumatized Carapace  
  61  7:19  Drone  
  62  7:23  Drone  
  62  7:25  Drone x11, Spire  
  62  7:29  Extractor  
  72  7:30  Extractor  
  72  7:34  Drone x2  
  73  7:44  Overlord x3  
  73  7:47  Overlord  
  73  7:52  Drone  
  74  8:06  Overlord  
  74  8:08  Drone x2, Baneling Nest  
  74  8:09  Drone  
  74  8:10  Drone x3  
  74  8:11  Drone x2  
  74  8:12  Drone  
  82  8:20  Drone x2  
  82  8:21  Drone  
  85  8:31  Zergling x16  
  85  8:32  Zergling x2  
  94  8:39  Overlord x2  
  94  8:46  Mutalisk  
  94  8:47  Mutalisk x7  
  110  8:55  Mutalisk  
  110  8:56  Mutalisk x2  
  116  9:07  Zergling x6  
  119  9:12  Centrifugal Hooks  
  119  9:13  Baneling  
  119  9:14  Baneling x7  
  119  9:15  Baneling  
  120  9:17  Zergling x16  
  120  9:18  Zergling x2  
  120  9:20  Baneling x3  
  124  9:30  Zergling x2  
  124  9:31  Zergling x4  
  121  9:34  Zergling x2  
  121  9:38  Baneling x8  
  118  9:39  Zergling x2  
  118  9:40  Zergling x4  
  118  9:42  Overlord x2  
  121  9:58  Zergling x14  
  100  10:04  Zergling x2  
  94  10:09  Zergling x8  
  94  10:10  Zergling x8  
  100  10:22  Queen  
  100  10:24  Hatchery  
  100  10:25  Zergling x2, Hatchery  
  100  10:26  Zergling x4  
  103  10:34  Zergling x2  
  103  10:35  Zergling x4  
  105  10:41  Zergling x8  
  105  10:42  Zergling x12  
  115  10:48  Zergling x2  
  115  10:49  Zergling x2  
  112  10:56  Baneling x6  
  112  10:57  Zergling x2, Baneling  
  107  10:58  Zergling x2  
  107  11:04  Zergling x4  
  105  11:07  Zergling x14  
  105  11:08  Zergling x2  
  72  11:28  Zergling x8  
  72  11:37  Zergling x10  
  72  11:38  Zergling x6  
  80  11:42  Queen  
  80  11:44  Queen  
  83  11:52  Hatchery  
  79  11:59  Mutalisk  
  79  12:00  Mutalisk x5  
  91  12:03  Baneling  
  91  12:04  Baneling x17  
  91  12:08  Zerg Flyer Weapons Level 1  
  91  12:12  Drone x3  
  91  12:14  Drone x2  
  91  12:15  Drone x3  
  99  12:16  Queen  
  99  12:18  Overseer  
  99  12:22  Zergling x8  
  105  12:30  Mutalisk x5  
  115  12:43  Mutalisk x3  
  115  12:44  Mutalisk x3  
  117  12:50  Zergling x10  
  117  12:51  Zergling x2  
  109  13:13  Drone x5  
  109  13:14  Drone  
  109  13:16  Drone x2  
  109  13:17  Drone x6  
  109  13:18  Drone x2  
  125  13:28  Overseer  
  125  13:33  Overlord x2, Extractor  
  125  13:34  Overlord x3, Hatchery  
  124  13:35  Extractor  
  122  13:42  Hydralisk Den  
  122  13:43  Queen  
  122  13:45  Evolution Chamber x2  
  121  13:54  Zergling x24  
  133  14:11  Hydralisk  
  133  14:12  Hydralisk x8  
  133  14:16  Zerg Missile Weapons Level 1  
  151  14:19  Grooved Spines  
  151  14:30  Drone  
  151  14:31  Drone  
  153  14:34  Overlord x2  
  153  14:35  Overlord x2  
  153  14:36  Overseer x2  
  153  14:37  Hydralisk  
  155  14:57  Hydralisk x9  
  172  15:09  Muscular Augments  
  164  15:22  Hydralisk  
  164  15:23  Hydralisk x3  
  161  15:28  Zergling x2  
  161  15:29  Zergling x28  
  161  15:30  Zergling x14  
  161  15:34  Baneling  
  161  15:35  Baneling x10  
  183  15:36  Baneling  
  181  15:43  Zergling x12  
  181  15:44  Zergling x4  
Tags
 
Composition
Mech
Matchup
TvZ
Replay Pack
2025 replay dump
Spawn Locations
Cross Positions
Add a new tag
Caveats
  • Supply blocks, unpowered buildings, or Contaminate may cause inaccurate times.
  • Supply counts are checked every 10 seconds.